 Dungeon Crawl Stone Soup version 0.30-a0-782-ge64f9170bb (webtiles) character file.

Game seed: 7983179661221010523

236 theswoord the Twirler (level 5, -1/38 HPs)
             Began as a Demonspawn Gladiator on Mar 14, 2023.
             Was a Believer of Ru.
             Slain by an iguana (9 damage)
             ... on level 3 of the Dungeon.
             The game lasted 00:04:27 (3078 turns).

theswoord the Twirler (Demonspawn Gladiator)        Turns: 3078, Time: 00:04:28

Health: -1/38      AC:  6    Str: 16    XL:     5   Next: 77%
Magic:  4/5        EV: 10    Int:  9    God:    Ru [**....]
Gold:   180        SH:  0    Dex: 21    Spells: 1/4 levels left

rFire   . . .      SeeInvis .    (no weapon)
rCold   . . .      Faith    .    (no shield)
rNeg    . . .      Spirit   .    l - +0 scale mail
rPois   .          Reflect  .    (helmet restricted)
rElec   .          Harm     .    (no cloak)
rCorr   .          Rampage  .    (no gloves)
Will    .....                    (no boots) Stlth
                                 (no amulet)
HPRegen 0.26/turn                k - +6 ring of dexterity
MPRegen 0.09/turn                (no ring)

@: very slightly contaminated
A: claws 1, hooves 1, horns 1, hated by all
a: Renounce Religion


You were on level 3 of the Dungeon.
You worshipped Ru.
Ru was pleased with you.
You visited 1 branch of the dungeon, and saw 3 of its levels.
You also visited: Sewer.

You collected 180 gold pieces.

Inventory:

Hand Weapons
 a - a +1 quarterstaff
Missiles
 d - 4 throwing nets (quivered)
 e - a javelin
Armour
 b - a +0 leather armour
 c - a +0 helmet
 l - a +0 scale mail (worn)
 r - a +0 pair of boots
Jewellery
 k - a +6 ring of dexterity (left claw)
Wands
 m - a wand of paralysis (10)
Scrolls
 h - a scroll of teleportation {unknown}
 n - 2 scrolls of magic mapping
 o - a scroll of fog {unknown}
 p - 3 scrolls of identify
 q - 2 scrolls of poison
Potions
 f - a potion of invisibility
 g - 6 potions of flight
 i - 2 potions of mutation {unknown}
 j - a potion of lignification
 s - a potion of curing {unknown}


   Skills:
 + Level 2.3 Fighting
 - Level 5.5 Staves
 - Level 1.7 Throwing
 + Level 0.7 Armour
 - Level 2.6 Dodging
 + Level 0.8 Unarmed Combat
 + Level 0.3 Transmutations


You had one spell level left.
You knew the following spells:

 Your Spells              Type           Power      Damage    Failure   Level
a - Beastly Appendage     Tmut           0%         N/A       80%         1
b - Wereblood             Tmut           0%         N/A       90%         2

Your spell library contained the following spells:

 Spells                   Type           Power      Damage    Failure   Level
 Spider Form              Tmut/Pois      0%         N/A       99%         3


Dungeon Overview and Level Annotations

Branches:
Dungeon (3/15)              Sewer (visited)

Altars:
Ru
Wu Jian


Innate Abilities, Weirdness & Mutations

You have sharp fingernails.
You have large cloven feet.
You have a pair of small horns on your head.
You are hated by all.


Message History

You open the door.
There is an open door here.
p - 3 scrolls of identify (gained 1)
You open the door.
There is an open door here.
An iguana comes into view.
The iguana hisses angrily.
An iguana is nearby!
An iguana is nearby!
An iguana is nearby!
You scratch the iguana but do no damage.
You headbutt the iguana, but do no damage.
The iguana bites you.
You scratch the iguana but do no damage.
You kick the iguana, but do no damage. The iguana bites you!
You closely miss the iguana. You kick the iguana. The iguana barely misses you.
You barely miss the iguana. You kick the iguana. The iguana bites you!
* * * LOW HITPOINT WARNING * * *
You scratch the iguana. Your headbutt misses the iguana.
The iguana barely misses you.
You closely miss the iguana. Your kick misses the iguana.
The iguana closely misses you.
You scratch the iguana but do no damage.
Your kick misses the iguana.
The iguana is stunned by your conviction and fails to attack.
You barely miss the iguana.
The iguana bites you but does no damage.
You miscast Beastly Appendage.
You are very lightly contaminated with residual magic.
Nothing appears to happen.
The iguana hisses menacingly.
The iguana bites you.
* * * LOW HITPOINT WARNING * * *
You closely miss the iguana. You kick the iguana, but do no damage.
The iguana bites you.
* * * LOW HITPOINT WARNING * * *
You scratch the iguana but do no damage.
You kick the iguana, but do no damage. Your headbutt misses the iguana.
The iguana bites you!
You die...

*,* *,#.##'### #.# ## *,*
*,#.##.# #.#****** *,*
*,#.##.###########*#..,,,,,,
*,****,#.##.#..........,...,,,,,,
,,,,,,,#.##............,,,,,,,,,,
*,******,*###.#........,,,,,,,,,,
*,* *,* #.#.#######****,,,,,, *,*
*,* #.#.########***,***** *,* *,*
#.#.@l......,,,,,,* * *,* *,*
#.##########***,*,* * *,* *,* #.#
*,*,* * *,* *,* #.# *,*,*** *,*
*,***#.#************,*,,,, *,*
*,,,,*,,,,,,,,,,,,,,,***** *,*
****,***************** *
*,*********,* * *,,,,,,,,,,,* *


You could see an iguana.

Vanquished Creatures
  Natasha (D:3)
  A gnoll (D:1)
  8 adders
  6 river rats (Sewer)
  2 worms (Sewer)
  2 dart slugs (D:2)
  2 orcs (D:3)
  3 endoplasms
  7 giant cockroaches
  4 goblins
  7 hobgoblins
  2 jackals (Sewer)
  3 kobolds
  A quokka (Sewer)
  7 ball pythons
  14 bats
  7 frilled lizards
  3 rats (D:1)
80 creatures vanquished.

Notes
Turn   | Place    | Note
-------+----------+-------------------------------------------
     0 | D:1      | theswoord the Demonspawn Gladiator began the quest for the
                  | Orb.
     0 | D:1      | Reached XP level 1. HP: 16/16 MP: 1/1
   103 | D:1      | Reached skill level 3 in Staves
   203 | D:1      | Discovered your monstrous ancestry.
   203 | D:1      | Gained mutation: You have a pair of small horns on your
                  | head. [demonic ancestry]
   203 | D:1      | Reached XP level 2. HP: 19/22 MP: 2/2
   372 | D:1      | Reached XP level 3. HP: 27/27 MP: 3/3
   405 | D:1      | Found a faded altar of an unknown god.
   441 | D:1      | Prayed at the altar of an unknown god.
   441 | D:1      | Became a worshipper of Ru the Awakened
   512 | D:1      | Gained mutation: You are hated by all. [Ru sacrifice]
   512 | D:1      | Reached * piety under Ru
   512 | D:1      | Reached ** piety under Ru
   929 | D:2      | Reached skill level 4 in Staves
  1686 | D:3      | Found a glowing drain.
  1701 | Sewer    | Entered a sewer
  1706 | Sewer    | Gained mutation: You have sharp fingernails. [demonic
                  | ancestry]
  1706 | Sewer    | Reached XP level 4. HP: 15/33 MP: 4/4
  2076 | Sewer    | Reached skill level 5 in Staves
  2093 | Sewer    | Gained mutation: You have large cloven feet. [demonic
                  | ancestry]
  2093 | Sewer    | Reached XP level 5. HP: 12/38 MP: 5/5
  2651 | D:3      | Learned a level 1 spell: Beastly Appendage
  2654 | D:3      | Learned a level 2 spell: Wereblood
  2878 | D:3      | Noticed Natasha
  2893 | D:3      | Killed Natasha
  2951 | D:3      | Found an ornate altar of the Wu Jian Council.
  3078 | D:3      | Slain by an iguana

Skill      XL: |  1  2  3  4 |
---------------+-------------+-----
Staves         | 3 4 5 |  5.5
Fighting       | |  2.3
Throwing       | |  1.7
Armour         | |  0.7
Dodging        | |  2.6
Unarmed Combat | |  0.8
Transmutations | |  0.3

Action                     |  1- 3 |  4- 6 || total
---------------------------+-------+-------++-------
  Melee: Quarterstaff      |    92 |    77 ||   169
         Headbutt          |    11 |    14 ||    25
         Unarmed           |       |    54 ||    54
         Kick              |       |    31 ||    31
 Invoke: Sacrifice Love    |     1 |       ||     1
    Use: Scroll            |     5 |       ||     5
         Potion            |       |     1 ||     1
   Stab: Distracted        |       |     1 ||     1
 Armour: Leather armour    |    13 |       ||    13
         Scale mail        |     7 |    67 ||    74
         Skin              |       |    12 ||    12
  Dodge: Dodged            |    53 |    84 ||   137

Levels and vault maps discovered:
D:1:      dpeg_arrival_refuge, layout_loops_ring,
          dreamdust_ecumenical_altar_angels_and_demons
D:2:      layout_basic
D:3:      layout_basic, nicolae_overflow_squiral, cheibrodos_sewer_entry_sluice,
          minmay_cut_off, uniq_natasha
